 Dungeon Crawl Stone Soup version 0.31-a0-986-g5e6e4ef867 (webtiles) character file.

Game seed: 208893923832912234

389 horus123 the Conjurer (level 6, -2/37 HPs)
             Began as a Deep Elf Conjurer on Nov 15, 2023.
             Slain by a wyvern (15 damage)
             ... on level 4 of the Dungeon.
             The game lasted 00:05:16 (3082 turns).

horus123 the Conjurer (Deep Elf Conjurer)           Turns: 3082, Time: 00:05:17

Health: -2/37      AC:  6    Str:  4    XL:     6   Next: 50%
Magic:  0/15       EV: 12    Int: 25    God:
Gold:   80         SH:  0    Dex: 13    Spells: 12/15 levels left

rFire   . . .        k - +2 dagger (distort)
rCold   . . .        (no shield)
rNeg    + . .        a - +0 robe
rPois   .            i - +1 helmet
rElec   .            p - +1 cloak
rCorr   .            (no gloves)
SInv    .            (no boots)
Will    .....        (no amulet)
Stlth   ++           n - ring of positive energy
HPRegen 0.26/turn    (no ring)
MPRegen 0.14/turn

%: no passive effects
@: no status effects
A: no striking features
a: no special abilities


You were on level 4 of the Dungeon.
You visited 1 branch of the dungeon, and saw 4 of its levels.

You collected 80 gold pieces.

Inventory:

Hand Weapons
 k - a +2 dagger of distortion (weapon)
Armour
 a - a +0 robe (worn)
 i - a +1 helmet (worn)
 p - a +1 cloak (worn)
Jewellery
 n - a ring of positive energy (left hand)
Scrolls
 g - a scroll of enchant weapon {unknown}
 h - a scroll of vulnerability
 j - a scroll of immolation
 l - a scroll of silence
 o - a scroll of noise {unknown}
Potions
 b - a potion of magic
 c - a potion of might
 d - a potion of curing {unknown}
 e - a potion of degeneration
 f - a potion of attraction {unknown}
 m - 2 potions of haste {unknown}
 q - 2 potions of resistance {unknown}


   Skills:
 - Level 3.3 Fighting
 - Level 2.7 Short Blades
 - Level 2.4 Dodging
 - Level 2.4 Stealth
 + Level 5.0 Spellcasting
 - Level 5.4 Conjurations


You had 12 spell levels left.
You knew the following spells:

 Your Spells              Type           Power      Damage    Failure   Level
a - Magic Dart            Conj           100%       1d8       1%          1
b - Searing Ray           Conj           66%        2d6       1%          2

Your spell library contained the following spells:

 Spells                   Type           Power      Damage    Failure   Level
 Dazzling Flash           Conj/Hex       38%        N/A       9%          3
 Fulminant Prism          Conj/Hex       9%         3d7       26%         4
 Iskenderun's Mystic Bla  Conj/Tloc      19%        2d6       26%         4


Dungeon Overview and Level Annotations

Branches:
Dungeon (4/15)             Temple (0/1) D:4

Altars:


Message History

Unknown command.
Aiming: Magic Dart (safe; 1% risk of failure)
Press: ? - help, Q - select action, (/) - cycle Shift-Dir - straight line, f - you
Okay, then.
A wyvern comes into view.
The wyvern moves out of view.
A wyvern is nearby!
You can't see any susceptible monsters within range! (Use Z to cast anyway.)
You see here a +2 heavy mace.
Unknown command.
The magic dart hits the wyvern but does no damage.
The wyvern hisses angrily.
Casting: Magic Dart (safe; 1% risk of failure)
Confirm with . or Enter, or press ? or * to list all spells.
You can't see any susceptible monsters within range! (Use Z to cast anyway.) Unknown command.
Casting: Magic Dart (safe; 1% risk of failure)
Confirm with . or Enter, or press ? or * to list all spells.
You can't see any susceptible monsters within range! (Use Z to cast anyway.) Unknown command.
The magic dart hits the wyvern.
The wyvern is lightly wounded.
Casting: Magic Dart (safe; 1% risk of failure)
Confirm with . or Enter, or press ? or * to list all spells.
Aiming: Searing Ray (safe; 1% risk of failure)
Press: ? - help, Shift-Dir - straight line, f/p - wyvern
Aim: a wyvern (lightly wounded, 81% to hit)
The searing ray hits the wyvern but does no damage.
The wyvern is lightly wounded. (Press . to maintain the ray.)
The searing ray hits the wyvern.
The wyvern is lightly wounded.
The searing ray hits the wyvern.
The wyvern is moderately wounded.
The wyvern bites you. x2
The searing ray hits the wyvern!
The wyvern is heavily wounded.
You finish channelling your searing ray.
The wyvern bites you!
You die...

#.........PP ..PP
#........... ....
#.P.P.P.PP. ..PP #..♣
♣..P♣ .P♣ #..♣ ♣P..♣ ..†♣
########..♣♣♣..P♣♣♣..P♣♣♣
...)...#....P....P...PP.P
.......#..).....@l)......
.......#.PP.P..PPP....PP.
.......#†.♣♣♣..P♣♣♣P..♣♣♣
.......#.P♣ ♣..P♣ ..P♣
.......#..♣♣♣...♣ .P♣
)..........P...P... ...P
................... ....
##'####...PP....PP. .$..
......#...♣♣♣...♣


You could see a wyvern.

Vanquished Creatures
  An ogre (D:4)
  A phantom (D:4)
  A hound (D:4)
  Jessica (D:2)
  Natasha (thrice) (D:2)
  5 adders
  A worm (D:3)
  A dart slug (D:1)
  An orc (D:3)
  6 ball pythons
  4 bats
  4 endoplasms
  3 giant cockroaches
  6 goblins
  2 hobgoblins
  7 jackals (D:1)
  A frilled lizard (D:1)
  6 kobolds
  A rat (D:2)
55 creatures vanquished.

Notes
Turn   | Place    | Note
-------+----------+-------------------------------------------
     0 | D:1      | horus123 the Deep Elf Conjurer began the quest for the Orb.
     0 | D:1      | Reached XP level 1. HP: 10/10 MP: 6/6
   322 | D:1      | Reached XP level 2. HP: 15/15 MP: 6/9
   910 | D:1      | Learned a level 2 spell: Searing Ray
  1359 | D:2      | Reached skill level 5 in Spellcasting
  1359 | D:2      | Reached XP level 3. HP: 19/19 MP: 4/11
  1417 | D:2      | You fall into a shaft and drop 1 floor!
  1539 | D:3      | Found a faded altar of an unknown god.
  1659 | D:2      | Reached skill level 5 in Conjurations
  1707 | D:2      | Noticed Jessica
  1710 | D:2      | Killed Jessica
  1711 | D:2      | Reached XP level 4. HP: 24/24 MP: 8/13
  1844 | D:2      | Noticed Natasha
  1847 | D:2      | Killed Natasha
  1848 | D:2      | Reached skill level 1 in Fighting
  1848 | D:2      | Reached skill level 1 in Short Blades
  1960 | D:2      | Noticed Natasha
  1967 | D:2      | Killed Natasha
  1968 | D:2      | Reached XP level 5. HP: 26/29 MP: 5/14
  2292 | D:2      | Noticed Natasha
  2295 | D:2      | Killed Natasha
  2860 | D:4      | Noticed a phantom
  2868 | D:4      | Killed a phantom
  2869 | D:4      | Reached XP level 6. HP: 30/36 MP: 5/15
  3005 | D:4      | Found a staircase to the Ecumenical Temple.
  3073 | D:4      | Noticed a wyvern
  3082 | D:4      | Slain by a wyvern

Illustrated notes

Levels and vault maps discovered:
D:1:      evilmike_arrival_hilbert_curve, layout_basic
D:2:      layout_basic, uniq_jessica, uniq_natasha
D:3:      layout_rooms, shapermc_ecumenical_altar_totnotflames,
          minmay_splitting_lines
D:4:      layout_rooms, temple_green, gup_sewer_entry_glass, kennysheep_boxes

Skill      XL: |  1  2  3  4  5  6 |
---------------+-------------------+-----
Spellcasting   | 4 5 |  5.0
Conjurations   | 5 |  5.4
Fighting       | 1 2 3 |  3.3
Short Blades   | 1 2 |  2.7
Dodging        | |  2.4
Stealth        | |  2.4

Action                     |  1- 3 |  4- 6 || total
---------------------------+-------+-------++-------
  Melee: Dagger            |       |     2 ||     2
   Cast: Magic Dart        |    60 |    48 ||   108
         Searing Ray       |     1 |     8 ||     9
    Use: Scroll            |     5 |     3 ||     8
 Armour: Robe              |     3 |     9 ||    12
  Dodge: Dodged            |     3 |     3 ||     6

Table legend: (Time is in decaauts)
 A = Elapsed time spent in this place.
 B = Non-inter-level travel time spent in this place.
 C = Inter-level travel time spent in this place.
 D = Time resting spent in this place.
 E = Time spent auto-exploring this place.
 F = Levels seen in this place.
 G = Mean time per level.
                   A        B        C        D        E       F      G
               +--------+--------+--------+--------+--------+-----+--------+
         Total |   3083 |   3009 |     74 |      0 |   2686 |   4 |  770.8 |
       Dungeon |   3083 |   3009 |     74 |      0 |   2686 |   4 |  770.8 |
               +--------+--------+--------+--------+--------+-----+--------+

Top non-repeatable levels by time:
     D:1: 1277 daAuts
     D:2: 833 daAuts
     D:3: 617 daAuts
     D:4: 354 daAuts
